Map: New Repugnancy LE

Players

Ragnon - Winner!

  • Race: Terran Terran
  • League: Diamond
  • Spawn Location: 7:00

ALUCARDHELL

  • Race: Protoss Protoss
  • League: Diamond
  • Spawn Location: 1:00

VOD

Have the link to the VOD?

Description

Time

  • Played on: May 12, 2019, 12:12 a.m.
  • Length: 15:47
Show
View Real Time Build Order
Export as new Build Order

Ragnon Terran - Winner!

Build Orders:  

Get SALT Encoding   

  12  0:00  SCV  
  13  0:13  SCV  
  14  0:17  Supply Depot  
  14  0:25  SCV  
  14  0:28  Refinery  
  15  0:39  SCV  
  16  0:45  Barracks  
  16  0:51  SCV  
  17  1:03  SCV  
  18  1:15  SCV  
  19  1:32  Orbital Command  
  19  1:35  Barracks Reactor  
  19  1:49  Factory  
  19  2:00  SCV  
  20  2:02  Supply Depot  
  20  2:12  SCV  
  20  2:13  Marine x2  
  23  2:28  Command Center  
  23  2:35  SCV  
  24  2:38  Factory Tech Lab, Marine x2  
  24  2:42  Refinery  
  26  2:50  Bunker  
  26  2:58  SCV  
  27  3:00  Marine x2  
  29  3:10  SCV  
  30  3:20  Starport  
  30  3:32  Supply Depot, SCV  
  31  3:39  Cyclone, Marine x2  
  36  3:42  Orbital Command  
  36  3:52  SCV  
  37  3:57  Marine x2  
  37  3:58  Starport Tech Lab  
  37  4:02  Supply Depot  
  39  4:07  SCV  
  39  4:08  SCV  
  41  4:12  Cyclone  
  44  4:19  SCV  
  44  4:20  SCV  
  44  4:22  Marine  
  44  4:23  Marine  
  48  4:25  Raven  
  50  4:31  SCV  
  50  4:32  Supply Depot  
  50  4:33  SCV  
  52  4:41  Marine x2  
  52  4:43  SCV  
  52  4:45  SCV  
  56  4:46  Siege Tank  
  59  4:55  SCV  
  59  4:57  SCV  
  61  5:00  Supply Depot, Marine x2  
  63  5:14  Command Center  
  63  5:15  Barracks  
  63  5:17  Barracks  
  63  5:24  SCV  
  63  5:25  SCV  
  65  5:29  Stimpack  
  65  5:31  Siege Tank, Starport Reactor  
  65  5:33  Marine  
  69  5:48  SCV x2  
  71  5:50  Refinery  
  71  5:51  Refinery  
  71  5:53  Supply Depot, Engineering Bay  
  71  5:54  Engineering Bay  
  71  6:18  Viking x2  
  75  6:26  Marine  
  76  6:33  Factory Tech Lab  
  76  6:46  Combat Shield  
  76  6:48  Marauder x2, Marine x2  
  76  6:49  Orbital Command  
  76  6:51  SCV x2  
  84  6:55  Medivac x2  
  88  7:03  SCV x2  
  88  7:06  Marine x2  
  92  7:10  Marauder x2  
  97  7:15  SCV x2  
  97  7:21  Orbital Command  
  98  7:27  SCV  
  98  7:28  SCV  
  101  7:32  Marine  
  101  7:37  Supply Depot  
  101  7:38  Supply Depot  
  101  7:39  Supply Depot  
  101  7:41  Marine  
  101  7:42  Marauder x2, SCV x2  
  101  7:43  Terran Infantry Armor Level 1, Terran Infantry Weapons Level 1  
  108  7:50  SCV  
  109  7:59  Concussive Shells, Marine x2, SCV x2  
  109  8:02  SCV  
  109  8:03  Marauder x2  
  118  8:19  Viking x2  
  120  8:20  Marine x2  
  120  8:24  Marine x2  
  102  8:51  Marauder x2, Marine x2  
  95  9:04  SCV x3  
  95  9:08  Marine  
  95  9:09  Starport, Marine  
  96  9:10  Starport  
  96  9:12  Marine x2  
  96  9:15  Viking x2  
  96  9:16  SCV  
  103  9:19  Armory  
  103  9:20  Refinery  
  103  9:21  Refinery  
  103  9:25  SCV x2  
  103  9:26  Marine x2  
  103  9:28  SCV  
  103  9:30  Marine x2  
  110  9:37  SCV x2  
  112  9:43  Barracks x2  
  112  9:44  Marine x2  
  114  9:47  Marine  
  114  9:48  Starport Tech Lab, Marine, Starport Reactor  
  114  9:50  Viking x2  
  120  9:58  SCV x2  
  120  9:59  SCV  
  123  10:02  Marine x2  
  123  10:04  Command Center  
  123  10:05  Marine x2  
  123  10:06  Thor  
  133  10:08  Terran Ship Weapons Level 1  
  133  10:09  Terran Infantry Armor Level 2, Terran Infantry Weapons Level 2  
  133  10:16  Supply Depot  
  133  10:17  Supply Depot  
  133  10:18  Supply Depot x2  
  133  10:37  Marine x4, Viking x2  
  133  10:38  Viking  
  143  10:46  Viking  
  143  10:47  Viking  
  143  10:48  Barracks Reactor x2  
  147  10:53  Supply Depot  
  147  10:54  Thor, Supply Depot x2  
  147  10:55  Supply Depot, Marine  
  154  11:00  Marine x3  
  157  11:07  Viking x2  
  157  11:08  Viking  
  163  11:13  Marine  
  163  11:17  Marine  
  163  11:18  Marine  
  165  11:23  Viking x2  
  168  11:27  Marine  
  168  11:28  Marine x4  
  168  11:31  Marine  
  174  11:35  Marine x2  
  174  11:37  Viking x2  
  174  11:38  Viking  
  174  11:39  Thor  
  188  11:45  Marine x4  
  188  11:46  Marine  
  193  11:49  Marine  
  193  11:53  Marine x2  
  195  12:03  Marine x5  
  195  12:04  Planetary Fortress  
  200  12:31  Terran Infantry Weapons Level 3, Terran Infantry Armor Level 3  
  200  12:32  Terran Ship Weapons Level 2  
  200  12:41  Barracks  
  200  12:43  Barracks x2  
  171  13:18  Medivac  
  171  13:19  Medivac x4  
  162  13:53  Marine  
  162  13:54  Marine x7  
  159  14:11  Marine x6  
  159  14:12  Marine x2  
  159  14:16  Marine  
  164  14:17  Marine x2  
  148  14:29  Marine x6  
  149  14:34  Marine  
  149  14:35  Marine  
  145  14:41  Marine  
  143  14:47  Marine x2  
  143  14:52  Marine x2  
  144  14:58  Marine  
  143  15:10  Marine x2  
  139  15:16  Marine  
Show
View Real Time Build Order
Export as new Build Order

ALUCARDHELL Protoss 

Build Orders: Forge Fast Expand (FFE) 

Get SALT Encoding   

  12  0:01  Probe  
  13  0:13  Probe  
  14  0:18  Pylon  
  14  0:25  Probe  
  15  0:33  Probe  
  15  0:41  Forge, Probe  
  17  0:53  Probe  
  17  0:57  Pylon  
  17  1:31  Nexus  
  17  1:32  Probe  
  17  1:37  Pylon  
  18  1:40  Probe  
  19  1:50  Photon Cannon  
  19  1:55  Probe  
  20  2:02  Assimilator  
  20  2:07  Gateway  
  20  2:16  Photon Cannon  
  20  2:34  Probe  
  20  2:37  Assimilator  
  20  2:42  Probe  
  21  2:44  Pylon  
  22  2:51  Probe  
  22  2:56  Cybernetics Core  
  23  2:59  Probe  
  23  3:00  Pylon  
  24  3:07  Probe  
  24  3:10  Pylon  
  25  3:23  Photon Cannon  
  25  3:29  Pylon, Probe  
  26  3:37  Stargate  
  26  3:40  Probe  
  27  3:45  Probe  
  27  3:52  Probe  
  27  3:53  Probe  
  30  4:03  Probe  
  30  4:04  Photon Cannon, Probe  
  32  4:15  Probe  
  33  4:21  Oracle  
  33  4:23  Probe  
  37  4:30  Photon Cannon  
  37  4:35  Probe  
  37  4:36  Assimilator  
  38  4:47  Nexus  
  38  4:48  Probe  
  39  4:53  Shield Battery  
  39  4:59  Probe x2  
  41  5:07  Probe  
  42  5:17  Photon Cannon, Probe, Shield Battery  
  43  5:22  Fleet Beacon  
  43  5:31  Photon Cannon  
  43  5:40  Pylon  
  43  5:42  Stargate  
  43  5:43  Probe  
  43  5:47  Stalker  
  46  5:55  Probe  
  47  6:15  Probe  
  47  6:17  Photon Cannon  
  48  6:21  Tempest  
  48  6:22  Photon Cannon  
  48  6:23  Probe  
  53  6:26  Probe  
  53  6:31  Probe  
  55  6:34  Tempest, Probe  
  62  6:42  Shield Battery  
  62  6:43  Probe  
  62  6:45  Protoss Air Weapons Level 1  
  60  6:55  Probe  
  61  7:01  Assimilator  
  61  7:03  Shield Battery  
  61  7:05  Assimilator  
  61  7:07  Probe  
  62  7:09  Tempest  
  62  7:11  Pylon  
  67  7:16  Pylon  
  67  7:20  Probe  
  68  7:28  Cybernetics Core, Carrier  
  74  7:30  Probe  
  75  7:38  Probe  
  75  7:41  Probe  
  76  7:48  Twilight Council, Probe  
  76  7:49  Probe  
  78  7:52  Gateway  
  78  7:56  Photon Cannon  
  78  7:58  Photon Cannon, Probe  
  79  8:00  Photon Cannon  
  79  8:04  Shield Battery  
  80  8:12  Shield Battery  
  80  8:26  Carrier  
  80  8:27  Carrier  
  80  8:29  Photon Cannon  
  78  8:35  Pylon  
  81  8:56  Protoss Air Weapons Level 2  
  81  9:05  Pylon  
  81  9:14  Probe  
  81  9:17  Pylon  
  81  9:22  Probe x2  
  82  9:30  Probe  
  84  9:32  Probe  
  86  9:39  Probe  
  86  9:45  Probe  
  88  9:51  Probe, Shield Battery  
  89  9:54  Mothership  
  89  9:57  Forge  
  89  9:58  Void Ray  
  89  9:59  Void Ray  
  97  10:00  Protoss Air Armor Level 1  
  97  10:03  Probe  
  98  10:11  Templar Archives  
  106  10:16  Probe  
  106  10:18  Pylon  
  107  10:25  Probe  
  108  10:29  Probe  
  109  10:37  Photon Cannon, Probe  
  109  10:39  Photon Cannon  
  109  10:41  Probe  
  109  10:42  Pylon  
  111  10:46  Photon Cannon  
  111  10:47  Photon Cannon  
  111  10:48  Void Ray x2  
  111  10:49  Probe  
  120  10:50  Psionic Storm  
  120  10:51  Photon Cannon  
  120  10:53  High Templar x2  
  124  11:03  Photon Cannon  
  124  11:06  Photon Cannon  
  124  11:13  Pylon  
  124  11:17  Protoss Shields Level 1  
  123  11:22  Pylon  
  123  11:25  Nexus  
  123  11:32  Stargate  
  123  11:35  Void Ray x2  
  131  11:44  Photon Cannon x2  
  131  11:46  Photon Cannon  
  131  11:48  Photon Cannon  
  131  11:59  Protoss Air Armor Level 2  
  130  12:11  Shield Battery  
  130  12:13  Shield Battery  
  130  12:15  Shield Battery  
  130  12:23  Pylon  
  130  12:27  Pylon  
  130  12:32  Photon Cannon  
  130  12:37  Pylon  
  130  12:40  Pylon  
  130  12:42  Pylon  
  130  12:44  Pylon  
  130  12:46  Pylon  
  126  12:57  Void Ray  
  126  12:58  Void Ray x2  
  130  13:01  High Templar x2  
  133  13:16  Photon Cannon  
  132  13:21  Pylon  
  79  14:16  Pylon  
  50  15:27  Pylon  
Tags
 
Add a new tag
Caveats
  • Supply blocks, unpowered buildings, or Contaminate may cause inaccurate times.
  • Supply counts are checked every 10 seconds.